AoeStats
← Fieldmarshal89

Black Forest

509872676Analyzed
2v2 RM · 5d ago on Sep 28, 2026· 54m 22s· 4 players
Game mode
Random Map
Map size
Medium (4 player)
Population
200
Speed
Normal
Resources
Standard
Victory
Conquest
Starting age
Dark Age
Ending age
Imperial Age
RankedLock teamsTeams togetherTeam positionsShared explorationLock speedFull tech treeHidden civsTurbo modeCheats
Victory
Defeat
🇺🇸 Varangians · United States
469
+12
🇦🇷 Byzantines · Argentina
443
+13
🇷🇺 Bulgarians · Russia
391
-13
🇷🇺 Byzantines · Russia
377
-15
NR | Nightmare?
12:59 Feudal Age
15:33 Wheelbarrow
14:42 Horse Collar
14:53 Double-Bit Axe
19:39 Gold Mining
34:45 Castle Age
36:04 Hand Cart
35:53 Caravan
35:56 Heavy Plow
36:35 Gold Shaft Mining
36:57 Bow Saw
41:45 Stone Mining
46:31 Light Cavalry
47:21 Bloodlines
47:12 Husbandry
Obla4ko
14:48 Feudal Age
15:48 Horse Collar
16:46 Wheelbarrow
16:05 Double-Bit Axe
22:36 Gold Mining
29:54 Castle Age
30:58 Hand Cart
30:47 Heavy Plow
31:02 Bow Saw
31:34 Gold Shaft Mining
30:49 Stone Mining
31:51 Caravan
32:16 Pikeman
32:59 Squires
32:50 Gambesons
32:54 Loom
38:31 Imperial Age
37:53 Elite Skirmisher
38:39 Thumb Ring
37:55 Crossbowman
40:10 Conscription
41:17 Chemistry
42:06 Elite Cataphract
Fieldmarshal89
0:43 Loom
12:29 Feudal Age
20:02 Man-at-Arms
24:13 Castle Age
38:15 Double-Bit Axe
40:52 Husbandry
41:04 Bloodlines
44:53 Light Cavalry
52:22 Horse Collar
Logo
17:09 Feudal Age
17:40 Double-Bit Axe
17:40 Horse Collar
17:55 Stone Mining
17:59 Gold Mining
18:36 Arson
26:37 Castle Age
27:42 Forging
27:33 Scale Mail Armor
27:03 Elite Skirmisher
27:17 Pikeman
31:16 Bow Saw
31:44 Squires
34:26 Heavy Plow
36:32 Iron Casting
44:12 Imperial Age
45:40 Capped Ram
48:43 Chain Mail Armor
50:36 Conscription
Connection lost

Rejoining the realm…

Still unreachable

The connection could not be restored.

Session expired

The server has moved on; the page needs a fresh start.